 Dungeon Crawl Stone Soup version 0.28.0 (webtiles) character file.

Game seed: 7275257485429972676

939 Cykl0x the Digger (level 8, -1/48 HPs)
             Began as a Gargoyle Earth Elementalist on Feb 12, 2022.
             Slain by a killer bee (3 damage)
             ... on level 5 of the Dungeon.
             The game lasted 00:10:54 (5468 turns).

Cykl0x the Digger (Gargoyle Earth Elementalist)     Turns: 5468, Time: 00:10:54

Health: -1/48      AC:  8    Str: 12    XL:     8   Next: 12%
Magic:  2/14       EV: 11    Int: 18    God:
Gold:   137        SH:  0    Dex: 10    Spells: 11/15 levels left

rFire   . . .      SeeInvis .   v - +4 scimitar (freeze)
rCold   . . .      Faith    .   (no shield)
rNeg    + . .      Spirit   .   n - +0 leather armour
rPois   ∞          Reflect  .   (no helmet)
rElec   +          Harm     .   (no cloak)
rCorr   .          Rampage  .   (no gloves)
Will    .....                   (no boots)
Stlth   ++........              (no amulet)
HPRegen 0.16/turn               (no ring)
MPRegen 0.14/turn               (no ring)

@: about to teleport
A: sickness immunity, AC +5, negative energy resistance 1, electricity
resistance, torment resistance 1, petrification resistance
a: no special abilities


You were on level 5 of the Dungeon.
You visited 1 branch of the dungeon, and saw 5 of its levels.
You also visited: Ossuary.

You collected 137 gold pieces.

Inventory:

Hand Weapons
 a - the +9 rapier "Hisogesh" {venom, rC++}
   (You found it on level 3 of the Dungeon)

   It poisons the flesh of those it strikes.
   rC:        It greatly protects you from cold.
 h - a +0 long sword
 j - a +2 dagger of venom
 v - a +4 scimitar of freezing (weapon)
Missiles
 c - 39 stones
Armour
 b - a +0 robe
 d - a +1 ring mail
 m - a +0 chain mail of fire resistance
 n - a +0 leather armour (worn)
Wands
 o - a wand of iceblast (10)
 r - a wand of mindburst (14)
Scrolls
 f - a scroll of noise
 g - a scroll of enchant armour
 s - a scroll of identify
Potions
 e - a potion of might
 i - a potion of ambrosia
 k - 2 potions of degeneration {unknown}
 l - a potion of magic
 p - a potion of curing
 q - 3 potions of haste {unknown}
 u - a potion of flight {unknown}


   Skills:
 * Level 3.8 Fighting
 + Level 1.4 Long Blades
 + Level 2.0 Armour
 + Level 2.1 Dodging
 - Level 2.1 Stealth
 + Level 4.4 Spellcasting
 * Level 4.5 Conjurations
 - Level 0.7 Transmutations
 + Level 6.1 Earth Magic


You had 11 spell levels left.
You knew the following spells:

 Your Spells              Type           Power      Damage    Failure   Level
a - Sandblast             Erth           52%        2d12      1%          1
b - Stone Arrow           Conj/Erth      46%        3d9       6%          3

Your spell library contained the following spells:

 Spells                   Type           Power      Damage    Failure   Level
 Passwall                 Tmut/Erth      13%        N/A       7%          2
 Petrify                  Tmut/Erth      16%        N/A       41%         4


Dungeon Overview and Level Annotations

Branches:
Dungeon (5/15)            Ossuary (visited)
 Temple: D:4-7

Altars:
Qazlal
Uskayaw


Innate Abilities, Weirdness & Mutations

You are immune to sickness and miasma.
Your stone body is resilient. (AC +5)
You are immune to poison.
You resist negative energy. (rN+)
You are resistant to electric shocks. (rElec)
You are resistant to unholy torment.
You are immune to petrification.


Message History

Aim: a killer bee (severely wounded, 61% to hit)
The blast of sand misses the killer bee.
c - 39 stones The killer bee completely misses you.
The killer bee stings you.
The killer bee buzzes angrily.
You hit the killer bee. You freeze the killer bee.
The killer bee is almost dead.
An orc comes into view. It is wielding a +0 whip.
The killer bee barely misses you.
The orc shouts!
You hit the killer bee. You freeze the killer bee.
The killer bee is moderately wounded.
The killer bee barely misses you. The killer bee stings you!
* * * LOW HITPOINT WARNING * * *
The killer bee misses you.
Your magical contamination has completely faded away.
The killer bee stings you but does no damage.
The killer bee stings you but does no damage.
There is a stone staircase leading down here.
The killer bee barely misses you. The killer bee closely misses you.
You climb downwards.
The hound zombie completely misses you.
The hound zombie bites you but does no damage.
Found 11 gold pieces.
Found an escape hatch in the floor.
There is a stone staircase leading up here.
As you read the scroll labelled BUBO XEMIZYNA, it crumbles to dust.
You hear a loud clanging noise!
It was a scroll of noise.
The orc shouts!
You hear an angry hiss.
The killer bee completely misses you.
The hound zombie bites you but does no damage.
The orc sings a few bars from the Orcish anthem.
The killer bee stings you!
* * * LOW HITPOINT WARNING * * *
The hound zombie misses you.
As you read the scroll labelled BYMPAKHIMIL, it crumbles to dust.
You feel strangely unstable.
It was a scroll of teleportation.
The killer bee closely misses you.
The hound zombie bites you but does no damage.
The killer bee stings you.
You die...

##########
#....y@..#
#....nZ.$#
#........#
#........#
#........#
.....>.o..#
..........#
##........#


You could see a necrophage, a killer bee, an orc and a hound zombie.

Vanquished Creatures
  2 wraiths (Ossuary)
  A water moccasin (D:5)
  2 killer bees (D:4)
  3 wights (Ossuary)
  A howler monkey (D:5)
  Terence (D:3)
  3 iguanas
  3 gnolls (D:2)
  7 adders
  A worm (D:2)
  9 orcs
  2 endoplasms
  4 giant cockroaches
  8 goblins
  5 hobgoblins
  7 jackals (D:2)
  4 quokkas
  4 ball pythons
  2 ball python skeletons (Ossuary)
  4 bats
  2 frilled lizards
  A hobgoblin skeleton (Ossuary)
  A hobgoblin zombie (Ossuary)
  11 kobolds
  3 kobold zombies (Ossuary)
  An orc zombie (Ossuary)
  6 rats
98 creatures vanquished.

Notes
Turn   | Place    | Note
-------+----------+-------------------------------------------
     0 | D:1      | Cykl0x the Gargoyle Earth Elementalist began the quest for
                  | the Orb.
     0 | D:1      | Reached XP level 1. HP: 10/10 MP: 3/3
   345 | D:1      | Reached XP level 2. HP: 15/15 MP: 3/5
   424 | D:1      | Reached skill level 4 in Earth Magic
   836 | D:2      | Reached skill level 1 in Conjurations
   836 | D:2      | Reached XP level 3. HP: 20/20 MP: 3/6
   840 | D:2      | Learned a level 3 spell: Stone Arrow
   845 | D:2      | Found a faded altar of an unknown god.
   920 | D:2      | Reached skill level 1 in Fighting
  1638 | D:2      | Reached XP level 4. HP: 25/25 MP: 5/7
  2706 | D:3      | Identified the +9 rapier "Hisogesh" {venom, rC++}
  2769 | D:3      | Noticed Terence
  2771 | D:3      | Reached XP level 5. HP: 29/29 MP: 4/9
  2781 | D:3      | Killed Terence
  3141 | D:3      | Reached skill level 5 in Earth Magic
  4026 | D:4      | Found a stormy altar of Qazlal.
  4059 | D:4      | Found a hide-covered altar of Uskayaw.
  4059 | D:4      | Noticed a +0 falchion
  4059 | D:4      | Noticed a +0 dagger
  4059 | D:4      | Noticed a +0 short sword
  4060 | D:4      | Noticed a +0 short sword
  4070 | D:4      | Noticed a +0 spear
  4071 | D:4      | Noticed a +0 dagger
  4071 | D:4      | Noticed a +0 spear
  4096 | D:4      | Noticed a +0 falchion
  4110 | D:4      | Reached XP level 6. HP: 35/35 MP: 1/11
  4247 | D:4      | You fall into a shaft and drop 1 floor!
  4247 | D:5      | Entered Level 5 of the Dungeon
  4247 | D:5      | Noticed a water moccasin
  4250 | D:5      | Killed a water moccasin
  4275 | D:5      | Reached XP level 7. HP: 6/40 MP: 12/12
  4316 | D:5      | Reached skill level 1 in Armour
  4320 | D:5      | Found a sand-covered staircase.
  4327 | Ossuary  | Entered an ossuary
  4867 | Ossuary  | Noticed a wraith
  4867 | Ossuary  | Noticed a flying skull
  4899 | Ossuary  | Noticed a flying skull
  4992 | Ossuary  | Noticed a wraith
  4997 | Ossuary  | Killed a wraith
  4998 | Ossuary  | Reached skill level 1 in Long Blades
  5070 | Ossuary  | Noticed a wraith
  5080 | Ossuary  | Killed a wraith
  5081 | Ossuary  | Reached skill level 6 in Earth Magic
  5081 | Ossuary  | Reached XP level 8. HP: 17/48 MP: 2/14
  5467 | D:5      | HP: 2/48 [killer bee (8)]
  5468 | D:5      | Slain by a killer bee

Illustrated notes

Levels and vault maps discovered:
D:1:      nagdon_arrival_double_spiral, layout_basic, minivault_19,
          nicolae_concentric_dashed_squares_mild
D:2:      layout_loops_cross, dreamdust_ecumenical_altar_angels_and_demons
D:3:      layout_basic, st_stairs_6, hex_tiny, chequers_serial_rivers_marsh,
          uniq_terence
D:4:      layout_basic, nicolae_uskayaw_en_pointe, old_standard_altar,
          nicolae_dithmenos_through_a_glass_darkly,
          gammafunk_temple_overflow_forgotten
D:5:      layout_rooms, tgw_trog, chequers_ossuary_entry_cave

Skill      XL: |  1  2  3  4  5  6  7  8 |
---------------+-------------------------+-----
Earth Magic    | 4 5 6 |  6.1
Conjurations   | 1 2 3 4 |  4.5
Fighting       | 1 2 3 |  3.8
Spellcasting   | 3 4 |  4.4
Dodging        | 2 |  2.1
Armour         | 1 2 |  2.0
Long Blades    | 1 |  1.4
Stealth        | |  2.1
Transmutations | |  0.7

Action                   |  1- 3 |  4- 6 |  7- 9 || total
-------------------------+-------+-------+-------++-------
Melee: Dagger            |     7 |    14 |       ||    21
       Long sword        |       |    30 |       ||    30
       Punch             |       |     1 |       ||     1
       Rapier            |       |     2 |       ||     2
       Scimitar          |       |       |    12 ||    12
 Cast: Sandblast         |    31 |    34 |     2 ||    67
       Stone Arrow       |    13 |    34 |    29 ||    76
  Use: Scroll            |     2 |     5 |     4 ||    11
       Potion            |       |     1 |     1 ||     2
Armor: Robe              |     5 |    17 |       ||    22
       Leather armour    |       |    11 |    11 ||    22
Dodge: Dodged            |     9 |    48 |    27 ||    84
